AoeStats
← gob b

Black Forest

505697171Analyzed
4v4 RM · 21d ago on Sep 10, 2026· 89m 38s· 8 players
Game mode
Random Map
Map size
Large (8 player)
Population
200
Speed
Normal
Resources
Standard
Victory
Conquest
Starting age
Dark Age
Ending age
Imperial Age
RankedLock teamsTeams togetherTeam positionsShared explorationLock speedFull tech treeHidden civsTurbo modeCheats
Victory
Defeat
🇭🇺 Muisca · Hungary
1163
+16
🇹🇼 Hindustanis · Taiwan
1156
+16
🇻🇳 Shu · Vietnam
1094
+19
🇮🇳 Bohemians · India
1078
+19
🇫🇷 Ethiopians · France
1201
-20
🇫🇷 Saracens · France
1172
-18
🇬🇧 Italians · United Kingdom
1137
-17
🇫🇷 Franks · France
1101
-15
DarckWax
4:56 Loom
12:43 Feudal Age
15:28 Scale Mail Armor
17:09 Double-Bit Axe
21:06 Scale Barding Armor
21:11 Forging
24:59 Castle Age
25:22 Wheelbarrow
24:33 Town Watch
27:00 Husbandry
32:04 Chain Barding Armor
39:01 Hand Cart
38:52 Town Patrol
43:50 Imperial Age
44:35 Cavalier
46:07 Paladin
69:51 Plate Barding Armor
69:52 Iron Casting
SideMeerkat6918
0:41 Loom
12:48 Feudal Age
14:04 Wheelbarrow
13:17 Double-Bit Axe
13:13 Horse Collar
13:52 Town Watch
13:56 Fishing Lines
23:04 Castle Age
20:56 Stone Mining
20:58 Gold Mining
21:27 Padded Archer Armor
21:17 Fletching
22:30 Forging
24:33 Bow Saw
24:21 Gillnets
26:05 Leather Archer Armor
25:46 Bodkin Arrow
26:45 Thumb Ring
27:33 Hand Cart
34:20 Imperial Age
35:24 Conscription
34:29 Capped Ram
36:12 Chemistry
35:49 Ring Archer Armor
43:05 Bracer
44:08 Two-Man Saw
43:10 Heavy Plow
45:36 Murder Holes
46:30 Crop Rotation
48:08 Onager
65:26 Elite Skirmisher
vikingfou
11:22 Feudal Age
15:04 Castle Age
25:00 Horse Collar
28:53 Padded Archer Armor
29:23 Scale Mail Armor
29:33 Forging
30:35 Double-Bit Axe
31:14 Scale Barding Armor
34:46 Imperial Age
33:46 Chain Barding Armor
34:13 Iron Casting
34:21 Heavy Plow
34:36 Bow Saw
35:42 Elite Mameluke
38:37 Plate Barding Armor
39:03 Blast Furnace
40:25 Conscription
olDirty
6:23 Loom
9:58 Feudal Age
12:47 Fletching
19:38 Wheelbarrow
19:21 Double-Bit Axe
25:02 Fishing Lines
27:36 Castle Age
25:41 Padded Archer Armor
25:55 Horse Collar
28:22 Heavy Plow
32:11 Imperial Age
29:08 Crossbowman
29:45 Bodkin Arrow
30:37 Bow Saw
31:19 Hand Cart
34:26 Two-Man Saw
33:49 Leather Archer Armor
34:07 Gillnets
35:00 Ballistics
36:19 Arbalester
37:47 Heavy Plow
39:03 Chemistry
38:10 Thumb Ring
40:17 Conscription
40:55 Fervor
41:51 Bracer
42:22 Ring Archer Armor
41:24 Man-at-Arms
42:04 Squires
41:50 Arson
43:05 Long Swordsman
43:53 Scale Mail Armor
44:03 Forging
44:15 Two-Handed Swordsman
48:40 Halberdier
50:28 Chain Mail Armor
50:48 Iron Casting
54:25 Plate Mail Armor
54:55 Blast Furnace
55:58 Elite Skirmisher
70:20 Guilds
gob b
7:17 Loom
12:13 Feudal Age
16:05 Castle Age
14:04 Double-Bit Axe
14:05 Horse Collar
19:24 Bow Saw
23:25 Wheelbarrow
23:54 Chemistry
23:55 Padded Archer Armor
27:39 Leather Archer Armor
28:02 Heavy Plow
28:36 Ballistics
29:52 Hand Cart
36:01 Imperial Age
38:28 Two-Man Saw
47:22 Ring Archer Armor
47:00 Siege Engineers
47:45 Conscription
66:55 Murder Holes
67:24 Houfnice
77:29 Forging
77:19 Scale Mail Armor
77:25 Scale Barding Armor
79:02 Iron Casting
78:17 Fletching
79:05 Squires
78:50 Arson
79:05 Town Watch
83:10 Blast Furnace
82:25 Chain Mail Armor
82:16 Scale Barding Armor
82:07 Bodkin Arrow
82:09 Light Cavalry
82:50 Husbandry
87:01 Chain Barding Armor
86:42 Bracer
89:17 Cavalier
只會5TC
1:54 Loom
11:19 Feudal Age
15:22 Castle Age
13:39 Double-Bit Axe
16:24 Bow Saw
16:04 Horse Collar
29:25 Imperial Age
26:57 Stone Mining
27:10 Squires
27:09 Gold Mining
28:33 Wheelbarrow
28:08 Heavy Plow
28:13 Scale Mail Armor
28:39 Forging
29:40 Chain Mail Armor
30:34 Iron Casting
31:44 Two-Man Saw
31:44 Hand Cart
33:53 Blast Furnace
33:41 Gold Shaft Mining
33:41 Stone Shaft Mining
33:18 Murder Holes
33:21 Fletching
33:58 Elite Ghulam
35:58 Conscription
38:05 Grand Trunk Road
38:04 Arson
38:55 Siege Engineers
39:13 Ballistics
40:27 Bodkin Arrow
42:19 Bracer
scurhun
5:43 Loom
13:08 Feudal Age
19:08 Castle Age
19:28 Stone Mining
26:21 Double-Bit Axe
35:22 Bow Saw
36:49 Wheelbarrow
37:38 Horse Collar
40:46 Hand Cart
40:44 Gold Mining
42:41 Squires
43:16 Heavy Plow
43:31 Scale Mail Armor
45:45 Forging
46:43 Chain Mail Armor
48:25 Champi Runner
50:20 Champi Warrior
52:00 Town Watch
52:21 Padded Archer Armor
52:10 Fishing Lines
55:17 Imperial Age
52:57 Fletching
54:36 Iron Casting
54:40 Stone Shaft Mining
54:48 Herbalism
55:49 Gold Shaft Mining
56:52 Elite Champi Warrior
58:24 Plate Mail Armor
59:20 Elite Temple Guard
63:37 Town Patrol
63:38 Bodkin Arrow
64:15 Crop Rotation
64:46 Two-Man Saw
68:38 Thumb Ring
67:54 Elite Skirmisher
67:56 Crossbowman
69:07 Conscription
71:50 Hoardings
73:22 Treadmill Crane
75:08 Bracer
76:00 Murder Holes
78:23 Ballistics
79:14 Leather Archer Armor
81:01 Chemistry
80:12 Masonry
80:08 Siege Engineers
81:19 Huaracas
80:48 Arbalester
87:29 Elite Guecha Warrior
phamhaianh2109
0:41 Loom
13:43 Feudal Age
19:41 Castle Age
17:40 Double-Bit Axe
19:13 Stone Mining
21:44 Fishing Lines
24:31 Scale Mail Armor
25:03 Bow Saw
29:47 Chain Mail Armor
30:02 Forging
31:32 Coiled Serpent Array
33:03 Horse Collar
36:19 Imperial Age
34:03 Fletching
36:06 Padded Archer Armor
36:02 Bodkin Arrow
35:31 Elite Skirmisher
36:53 Gold Mining
37:27 Conscription
36:28 Crossbowman
37:15 Thumb Ring
37:55 Bolt Magazine
37:34 Arbalester
40:13 Wheelbarrow
39:25 Pikeman
40:28 Bracer
43:30 Two-Man Saw
43:48 Chemistry
44:12 Hand Cart
47:24 Halberdier
49:17 Gillnets
50:10 Leather Archer Armor
50:25 Plate Mail Armor
51:24 Squires
52:08 Arson
54:31 Gold Shaft Mining
59:36 Ring Archer Armor
66:16 Ballistics
79:17 Heavy Plow
79:25 Caravan
81:55 Elite White Feather Guard
86:22 Gambesons
Connection lost

Rejoining the realm…

Still unreachable

The connection could not be restored.

Session expired

The server has moved on; the page needs a fresh start.